 Dungeon Crawl Stone Soup version 0.21.1-1-g345015f (webtiles) character file.

1241 inc the Blocker (level 8, -10/58 HPs)
             Began as a Formicid Fighter on June 9, 2018.
             Was an Initiate of Cheibriados.
             Mangled by a two-headed ogre
             ... wielding a +0 giant spiked club
              (18 damage)
             ... on level 4 of the Dungeon.
             The game lasted 00:06:45 (4036 turns).

inc the Blocker (Formicid Fighter)                  Turns: 4036, Time: 00:06:45

Health: -10/58     AC: 12    Str: 28    XL:     8   Next: 78%
Magic:  8/8        EV:  8    Int: 10    God:    Cheibriados [......]
Gold:   262        SH: 12    Dex: 11    Spells: 7/7 levels left

rFire    . . .     SeeInvis +   a - +0 quarterstaff
rCold    . . .     Gourm    .   c - +0 shield
rNeg     . . .     Faith    .   D - +2 chain mail {rPois}
rPois    +         Spirit   .   (helmet unavailable)
rElec    .         Reflect  .   y - +0 cloak
rCorr    .         Harm     .   (no gloves)
MR       .....                  (no boots)
Stlth    ..........             (no amulet)
HPRegen  0.19/turn              (no ring)
MPRegen  0.11/turn              (no ring)

@: mighty, very slow
A: permanent stasis, dig shafts and tunnels, four strong arms, antennae 3
a: Dig, Shaft Self, Bend Time, Renounce Religion


You were on level 4 of the Dungeon.
You worshipped Cheibriados.
Cheibriados was noncommittal.
You were hungry.

You visited 1 branch of the dungeon, and saw 5 of its levels.

You collected 262 gold pieces.

Inventory:

Hand Weapons
 a - a +0 quarterstaff (weapon)
 x - a +4 quarterstaff of chaos
 C - a +3 dire flail of crushing
Armour
 b - a +0 scale mail
 c - a +0 shield (worn)
 y - a +0 cloak (worn)
 A - a +0 hat
 D - a +2 chain mail of poison resistance (worn)
Jewellery
 k - an uncursed ring of protection from magic {unknown}
Wands
 G - a wand of iceblast (12)
Scrolls
 e - 2 scrolls of remove curse {unknown}
 i - 3 scrolls of identify {unknown}
 l - 2 scrolls of fear {unknown}
 m - a scroll of noise {unknown}
 n - 2 scrolls of immolation {unknown}
 o - 2 scrolls of amnesia {unknown}
 s - a scroll of enchant weapon {unknown}
 t - a scroll of fog {unknown}
 v - a scroll of enchant armour {unknown}
 z - a scroll of random uselessness {unknown}
 E - a scroll of magic mapping {unknown}
 F - a scroll of teleportation {unknown}
Potions
 g - 2 potions of invisibility {unknown}
 h - a potion of magic {unknown}
 j - 2 potions of agility {unknown}
 p - 2 potions of lignification {unknown}
 q - 3 potions of heal wounds {unknown}
 r - 3 potions of brilliance {unknown}
 u - 2 potions of curing
 w - a potion of resistance {unknown}
 B - 2 potions of flight {unknown}
Comestibles
 f - 6 rations


   Skills:
 - Level 3.4 Fighting
 + Level 7.2 Staves
 - Level 3.3 Armour
 + Level 9.2 Shields


You had 7 spell levels left.
You didn't know any spells.

Dungeon Overview and Level Annotations

Branches:
Dungeon (5/15)             Temple (0/1) D:4

Altars:
Cheibriados

Annotations:
D:4 Eustachio
D:5 Prince Ribbit


Innate Abilities, Weirdness & Mutations

You cannot be hasted, slowed, berserked, paralysed or teleported.
You can dig through walls and to a lower floor.
Your four strong arms can wield two-handed weapons with a shield.
You have a pair of large antennae on your head. (SInv)


Message History

The two-headed ogre hits you with a giant club!
You barely miss the two-headed ogre.
The two-headed ogre is lightly wounded.
Prince Ribbit blinks!
The two-headed ogre barely misses you.
The two-headed ogre hits you with a giant club!
There is a stone staircase leading up here.
Prince Ribbit blinks!
The two-headed ogre hits you with a giant spiked club!
* * * LOW HITPOINT WARNING * * *
The two-headed ogre hits you with a giant club!
* * * LOW HITPOINT WARNING * * *
You climb upwards.
Level annotation: Eustachio
There is a stone staircase leading down here.
You feel very mighty all of a sudden.
You thump the two-headed ogre!
The two-headed ogre is moderately wounded.
The two-headed ogre hits you with a giant spiked club!!
You die...

.......#.####.###.##
.........###.......#
................#..#
...............#...#
....[..######.##.#.#
#.....## #.##.#.#
##...## #.##.#.#
##'## #...O..# #.#
####@### #.# #.#
##.## #.#
##...###########.#
#.....##.........#
##.........#######
##.(###.#.#
###..###.#[#
.........#.#


You could see a two-headed ogre.

Vanquished Creatures
  Pikel (D:4)
  Menkaure (D:4)
  Edmund (D:4)
  An ogre (D:4)
  The ghost of inc the Cudgeler, an amateur OpCK of Xom (D:3)
  An orc priest (D:4)
  2 hounds
  Crazy Yiuf (D:2)
  Ijyb (D:4)
  Natasha (thrice) (D:4)
  A worker ant (D:4)
  7 adders
  2 oozes (D:3)
  2 worms (D:3)
  2 dart slugs
  3 leopard geckos
  6 orcs
  2 giant cockroaches (D:1)
  7 hobgoblins
  4 jackals
  3 quokkas
  8 bats
  3 frilled lizards
  3 goblins (D:1)
  8 kobolds
  5 rats
79 creatures vanquished.

Vanquished Creatures (others)
  A hound skeleton (D:4)
  An orc (D:4)
2 creatures vanquished.

Grand Total: 81 creatures vanquished

Notes
Turn   | Place    | Note
-------+----------+-------------------------------------------
     0 | D:1      | inc the Formicid Fighter began the quest for the Orb.
     0 | D:1      | Reached XP level 1. HP: 18/18 MP: 1/1
   113 | D:1      | Reached XP level 2. HP: 17/24 MP: 2/2
   123 | D:1      | Reached skill level 4 in Shields
   323 | D:1      | Reached XP level 3. HP: 29/29 MP: 3/3
   442 | D:2      | Found a snail-covered altar of Cheibriados.
   948 | D:2      | Found a runed door.
  1012 | D:2      | Reached XP level 4. HP: 35/35 MP: 4/4
  1124 | D:2      | Noticed Crazy Yiuf
  1135 | D:2      | Killed Crazy Yiuf
  1135 | D:2      | Reached skill level 5 in Shields
  1135 | D:2      | Reached XP level 5. HP: 15/41 MP: 5/5
  1389 | D:3      | Noticed inc's ghost (amateur OpCK)
  1414 | D:3      | Killed inc's ghost
  1414 | D:3      | Reached XP level 6. HP: 5/47 MP: 6/6
  1680 | D:3      | Reached skill level 6 in Shields
  1718 | D:3      | Found a faded altar of an unknown god.
  1854 | D:2      | Became a worshipper of Cheibriados the Contemplative
  2160 | D:4      | Noticed Natasha
  2160 | D:4      | Noticed Menkaure
  2164 | D:4      | Killed Natasha
  2170 | D:4      | Killed Menkaure
  2170 | D:4      | Reached skill level 5 in Staves
  2170 | D:4      | Reached XP level 7. HP: 25/52 MP: 7/7
  2331 | D:4      | Found a staircase to the Ecumenical Temple.
  2390 | D:4      | Noticed Natasha
  2398 | D:4      | Killed Natasha
  2398 | D:4      | Reached skill level 7 in Shields
  2456 | D:4      | Noticed Eustachio
  2463 | D:4      | Noticed Natasha
  2925 | D:4      | Noticed Edmund
  2943 | D:4      | Killed Edmund
  3283 | D:4      | Reached XP level 8. HP: 37/58 MP: 8/8
  3527 | D:4      | Noticed Pikel
  3550 | D:4      | Killed Pikel
  3550 | D:4      | Reached * piety under Cheibriados
  3550 | D:4      | Reached skill level 9 in Shields
  3761 | D:4      | Noticed Ijyb
  3772 | D:4      | Killed Ijyb
  3916 | D:4      | Killed Natasha
  4025 | D:5      | Entered Level 5 of the Dungeon
  4025 | D:5      | Noticed a two-headed ogre
  4026 | D:5      | Noticed Prince Ribbit
  4036 | D:4      | Mangled by a two-headed ogre

Skill      XL: |  1  2  3  4  5  6  7  8 |
---------------+-------------------------+-----
Shields        | 4 5 6 7 9 |  9.2
Staves         | 3 4 5 6 7 |  7.2
Fighting       | |  3.4
Armour         | |  3.3

Action                   |  1- 3 |  4- 6 |  7- 9 || total
-------------------------+-------+-------+-------++-------
Melee: Quarterstaff      |    85 |   114 |   128 ||   327
  Use: Potion            |       |     1 |     1 ||     2
  Eat: Chunk             |       |     4 |     6 ||    10
Armor: Scale mail        |    34 |    43 |    22 ||    99
       Chain mail        |       |       |    17 ||    17
Dodge: Dodged            |    29 |    34 |    27 ||    90
Block: Shield            |    58 |    76 |    69 ||   203
